 Dungeon Crawl Stone Soup version 0.20.1-1-g8b1a95d (webtiles) character file.

44 Dawnplanks the Poker (level 3, 0/30 HPs)
             Began as a Centaur Gladiator on Nov 25, 2017.
             Slain by a rat (1 damage)
             ... on level 2 of the Dungeon.
             The game lasted 00:07:44 (1369 turns).

Dawnplanks the Poker (Centaur Gladiator)            Turns: 1369, Time: 00:07:46

Health: 0/30       AC:  5    Str: 16    XL:     3   Next: 41%
Magic:  3/3        EV: 10    Int:  7    God:
Gold:   45         SH:  0    Dex: 11    Spells: 2/2 levels left

rFire    . . .     SeeInvis .   a - +0 trident
rCold    . . .     Gourm    .   (no shield)
rNeg     . . .     Faith    .   b - +0 leather armour
rPois    .         Spirit   .   c - +0 helmet
rElec    .         Reflect  .   (no cloak)
rCorr    .         Harm     .   (no gloves)
MR       .....                  (no barding)
Stlth    +.........             (no amulet)
Regen    0.1/turn               l - ring of wizardry
MPRegen  0.1/turn               (no ring)

@: lethally poisoned (0 -> -5), about to teleport, very quick
A: hooves 3, deformed body, speed 2, tough skin 3
a: no special abilities


You were on level 2 of the Dungeon.
You were hungry.

You visited 1 branch of the dungeon, and saw 2 of its levels.

You collected 45 gold pieces.

Inventory:

Hand Weapons
 a - a +0 trident (weapon)
Missiles
 d - 4 throwing nets
 m - 46 stones (quivered)
Armour
 b - a +0 leather armour (worn)
 c - a +0 helmet (worn)
Jewellery
 l - a ring of wizardry (left hand)
Scrolls
 e - 3 scrolls of identify {unknown}
 i - a scroll of fear {unknown}
 j - a scroll of amnesia {unknown}
Potions
 k - a potion of flight {unknown}
Comestibles
 f - a bread ration
 h - 2 royal jellies


   Skills:
 + Level 2.3 Fighting
 + Level 3.3 Polearms
 + Level 2.2 Throwing
 + Level 0.1 Armour
 + Level 2.6 Dodging


You had 2 spell levels left.
You didn't know any spells.

Dungeon Overview and Level Annotations

Branches:
Dungeon (2/15)

Altars:
Dithmenos

Annotations:
D:2 Robin


Innate Abilities, Weirdness & Mutations

You have hooves in place of feet.
Armour fits poorly on your strangely shaped body.
You cover ground very quickly.
You have extremely tough skin. (AC +3)


Message History

The rat closely misses you. The adder bites you.
* * * LOW HITPOINT WARNING * * *
You are poisoned.
The adder poisons you! The goblin hits you but does no damage.
The rat closely misses you.
You hit the adder.
The adder is almost dead.
You feel sick. The adder barely misses you. The rat barely misses you.
The goblin barely misses you. The rat bites you but does no damage.
The adder bites you.
* * * LOW HITPOINT WARNING * * *
You are lethally poisoned!
The adder poisons you! The rat closely misses you.
As you read the scroll labeled KATWYM ROASAWI, it crumbles to dust.
You feel strangely unstable.
It was a scroll of teleportation.
* * * LOW HITPOINT WARNING * * *
You feel sick. The goblin hits you.
* * * LOW HITPOINT WARNING * * *
The adder bites you but does no damage. The rat misses you. The rat bites you.
You die...

..#...o_.........!.....####o...##
..#...#.#o.g...........#........#
.............###................#
..#........r.#..gg.............##
...........S##.#Sgg.........)..#
.....##....o...#goo.o..........#
..##.##..###o..#gggg...........#
#g...##...##..##rrog...........#
#..###..#.....##@Sgo...........#
#.g#.......##.###g............##
........#..g#.o##......#.....##
#.....###$#.##........###..###
##...## #)#...........# #..#
.....####>.....)......# #..(#
#....$g...............# ...#
....g#####....#.....### ..#
#.<....####?..###.....


You could see an orc priest, 2 adders, 4 orcs, 5 hobgoblins, 7 goblins and 2
rats.

Vanquished Creatures
  An ooze (D:1)
  2 dart slugs (D:1)
  An orc (D:2)
  5 bats (D:1)
  3 giant cockroaches (D:1)
  2 goblins (D:1)
  5 hobgoblins (D:1)
  2 ball pythons (D:1)
  A frilled lizard (D:1)
  6 kobolds
  3 rats
31 creatures vanquished.

Notes
Turn   | Place    | Note
-------+----------+-------------------------------------------
     0 | D:1      | Dawnplanks the Centaur Gladiator began the quest for the Orb.
     0 | D:1      | Reached XP level 1. HP: 17/17 MP: 1/1
    58 | D:1      | Reached XP level 2. HP: 17/24 MP: 2/2
   222 | D:1      | Reached skill level 3 in Polearms
   392 | D:1      | Reached XP level 3. HP: 20/29 MP: 3/3
  1272 | D:2      | Found a shadowy altar of Dithmenos.
  1275 | D:2      | Noticed Robin
  1369 | D:2      | HP: 1/30 [goblin[Robin] (3)]
  1369 | D:2      | Slain by a rat

Skill      XL: |  1  2 |
---------------+-------+-----
Polearms       | 3 |  3.3
Fighting       | |  2.3
Throwing       | |  2.2
Armour         | |  0.1
Dodging        | |  2.6

Action                   || total
-------------------------++-------
Melee: Trident           ||    96
       Kick              ||    11
Throw: Stone             ||    11
  Use: Scroll            ||     1
Armor: Leather armour    ||    36
Dodge: Dodged            ||    42
